 Dungeon Crawl Stone Soup version 0.23-a0-701-gd76f34b (console) character file.

12 Duffy the Firebug (level 2, 6/19 HPs)
             Began as a Demonspawn Fire Elementalist on Jan 12, 2019.
             Quit the game on level 1 of the Dungeon.
             The game lasted 00:00:30 (90 turns).

Duffy the Firebug (Demonspawn Fire Elementalist)      Turns: 90, Time: 00:00:31

Health: 6/19       AC:  2    Str:  8    XL:     2   Next: 20%
Magic:  0/5        EV: 12    Int: 16    God:
Gold:   2          SH:  0    Dex: 13    Spells: 4/5 levels left

rFire    . . .     SeeInvis .   (no weapon)
rCold    . . .     Gourm    .   (no shield)
rNeg     . . .     Faith    .   a - +0 robe
rPois    .         Spirit   .   (helmet restricted)
rElec    .         Reflect  .   (no cloak)
rCorr    .         Harm     .   (no gloves)
MR       .....                  (no boots)
Stlth    ++........             (no amulet)
HPRegen  0.06/turn              (no ring)
MPRegen  0.09/turn              (no ring)

@: no status effects
A: horns 1
a: no special abilities


You were on level 1 of the Dungeon.
You were not hungry.

You visited 1 branch of the dungeon, and saw 1 of its levels.

You collected 2 gold pieces.

Inventory:

Armour
 a - a +0 robe (worn)
Comestibles
 c - a ration


   Skills:
 - Level 1.7 Dodging
 - Level 1.7 Stealth
 - Level 2.0 Spellcasting
 + Level 2.3 Conjurations
 - Level 2.6 Fire Magic


You had 4 spell levels left.
You knew the following spells:

 Your Spells              Type           Power        Failure   Level  Hunger
h - Flame Tongue          Conj/Fire      #....        8%          1    #......

Your spell library contained the following spells:

 Spells                   Type           Power        Failure   Level  Hunger
 Throw Flame              Conj/Fire      #.....       11%         2    ###....
 Conjure Flame            Conj/Fire      #.......     22%         3    ###....
 Inner Flame              Hex/Fire       #.......     34%         3    ###....
 Sticky Flame             Conj/Fire      #.......     58%         4    #####..
 Fireball                 Conj/Fire      #.........   90%         5    ######.


Dungeon Overview and Level Annotations

Branches:
Dungeon (1/15)

Altars:


Innate Abilities, Weirdness & Mutations

You have a pair of small horns on your head.


Message History

Aim: a gnoll, wielding a +0 spear (severely wounded)
The flame tongue hits the gnoll.
The gnoll appears unharmed.
The gnoll is severely wounded.
The gnoll hits you from afar with a +0 spear!
Ouch! That really hurt!
Casting: Flame Tongue (safe; 9% risk of failure)
Confirm with . or Enter, or press ? or * to list all spells.
You don't have enough magic to cast that spell.
Casting: Flame Tongue (safe; 9% risk of failure)
Confirm with . or Enter, or press ? or * to list all spells.
Aiming: Flame Tongue (safe; 9% risk of failure)
Press: ? - help, Shift-Dir - straight line, f/p - gnoll
Aim: a gnoll, wielding a +0 spear (severely wounded)
The flame tongue hits the gnoll.
You kill the gnoll!
Your Conjurations skill increases to level 2!
You have reached level 2!
Your demonic ancestry asserts itself...
A pair of horns grows on your head!
Are you sure you want to abandon this character and quit the game? (Confirm with "yes".)

### #.. #.# #.#
##.########
#.........#
#$.######.## #....#
#.@# #..#.# ##.#
#..##.###)## #..#
#.#.## #.## ##.##
##.###.#.##
##g#.#.#.#
##.#g<.#.#
.#########.#.#.#.#.#


There were no monsters in sight!

Vanquished Creatures
  A gnoll (D:1)
  A goblin (D:1)
  A frilled lizard (D:1)
3 creatures vanquished.

Notes
Turn   | Place    | Note
-------+----------+-------------------------------------------
     0 | D:1      | Duffy the Demonspawn Fire Elementalist began the quest for
                  | the Orb.
     0 | D:1      | Reached XP level 1. HP: 13/13 MP: 3/3
    89 | D:1      | Gained mutation: You have a pair of small horns on your
                  | head. [demonic ancestry]
    89 | D:1      | Reached XP level 2. HP: 6/19 MP: 0/5
    90 | D:1      | Quit the game

Vault maps used:
D:1:      minmay_arrival_diagonal_passages, minmay_pentomino_w2

Skill      XL: |  1 |
---------------+----+-----
Conjurations   | 2 |  2.3
Dodging        | |  1.7
Stealth        | |  1.7
Spellcasting   | |  2.0
Fire Magic     | |  2.6

Action                   || total
-------------------------++-------
 Cast: Flame Tongue      ||     8
Dodge: Dodged            ||     4

Table legend:
 A = Non-vault XP
 B = Vault XP
 C = Vault XP percentage of total XP
 D = Non-vault monster count
 E = Vault monster count
 F = Vault count percentage of total count
                 A         B        C        D         E       F
            +---------+---------+-------+---------+---------+-------
      Total |      18 |       0 |   0.0 |       3 |       0 |   0.0
            +---------+---------+-------+---------+---------+-------
        D:1 |      18 |       0 |   0.0 |       3 |       0 |   0.0
            +---------+---------+-------+---------+---------+-------
